 Dungeon Crawl Stone Soup version 0.31-a0-1068-g5939ac1fb6 (webtiles) character file.

Game seed: 14619545116262397425

515 gruber the Magician (level 7, -5/36 HPs)
             Began as a Deep Elf Venom Mage on Nov 23, 2023.
             Slain by an ice beast (11 damage)
             ... on level 5 of the Dungeon.
             The game lasted 00:05:04 (4760 turns).

gruber the Magician (Deep Elf Venom Mage)           Turns: 4760, Time: 00:05:04

Health: -5/36      AC:  2    Str:  5    XL:     7   Next: 0%
Magic:  7/19       EV: 12    Int: 22    God:
Gold:   164        SH:  0    Dex: 15    Spells: 6/19 levels left

rFire   . . .        c - +0 short sword
rCold   . . .        (no shield)
rNeg    . . .        a - +0 robe
rPois   .            (no helmet)
rElec   .            (no cloak)
rCorr   .            (no gloves)
SInv    .            (no boots)
Will    .....        (no amulet)
Stlth   ++           (no ring)
HPRegen 0.26/turn    (no ring)
MPRegen 0.16/turn

%: no passive effects
@: very slightly contaminated
A: no striking features
a: no special abilities


You were on level 5 of the Dungeon.
You visited 1 branch of the dungeon, and saw 5 of its levels.

You collected 164 gold pieces.

Inventory:

Hand Weapons
 c - a +0 short sword (weapon)
Armour
 a - a +0 robe (worn)
 l - a +2 leather armour of poison resistance
Scrolls
 d - 4 scrolls of identify {unknown}
 e - 2 scrolls of immolation {unknown}
 f - a scroll of summoning {unknown}
 k - 2 scrolls of amnesia {unknown}
 m - 3 scrolls of teleportation {unknown}
 n - a scroll of revelation {unknown}
Potions
 b - a potion of magic
 g - a potion of degeneration {unknown}
 h - 2 potions of resistance {unknown}
 i - a potion of might {unknown}
 j - 2 potions of heal wounds {unknown}
 o - a potion of brilliance {unknown}


   Skills:
 - Level 2.4 Dodging
 - Level 2.4 Stealth
 + Level 6.9 Spellcasting
 - Level 3.3 Transmutations
 * Level 6.1 Poison Magic


You had 6 spell levels left.
You knew the following spells:

 Your Spells              Type           Power      Damage    Failure   Level
a - Sting                 Tmut/Pois      100%       1d8       1%          1
b - Poisonous Vapours     Pois/Air       42%        N/A       3%          2
c - Mephitic Cloud        Conj/Pois/Air  16%        N/A       11%         3
d - Ignite Poison         Fire/Tmut/Pois 21%        N/A       7%          3
e - Olgreb's Toxic Radia  Pois           34%        N/A       7%          4

Your spell library contained the following spells:

 Spells                   Type           Power      Damage    Failure   Level
 Apportation              Tloc           14%        N/A       9%          1
 Shock                    Conj/Air       28%        1d4       9%          1
 Summon Small Mammal      Summ           28%        N/A       9%          1
 Jinxbite                 Hex            14%        N/A       13%         2
 Call Canine Familiar     Summ           7%         N/A       26%         3
 Sigil of Binding         Hex            7%         N/A       26%         3
 Summon Guardian Golem    Hex/Summ       7%         N/A       26%         3
 Swiftness                Air            7%         N/A       26%         3
 Alistair's Intoxication  Tmut/Pois      18%        N/A       32%         5
 Airstrike                Air            3%         2d(1-17)  63%         4
 Dimensional Bullseye     Hex/Tloc       3%         N/A       63%         4
 Leda's Liquefaction      Hex/Erth       3%         N/A       63%         4
 Sticky Flame             Conj/Fire      7%         2d3       63%         4
 Ignition                 Fire           3%         3d4       100%        8


Dungeon Overview and Level Annotations

Branches:
Dungeon (5/15)
 Temple: D:4-7

Altars:
Elyvilon
Kikubaaqudgha
Okawaru
Qazlal
Sif Muna

Shops:
D:2 [   D:3 (

Annotations:
D:3 1 runed translucent door, Crazy Yiuf
D:4 Edmund, Menkaure, Pikel


Message History

Unknown command.
Unknown command.
You feel sick.
Casting: Mephitic Cloud (quite dangerous; 11% risk of failure)
Confirm with . or Enter, or press ? or * to list all spells.
Aiming: Mephitic Cloud (quite dangerous; 11% risk of failure)
Press: ? - help, Shift-Dir - straight line The ball explodes into a vile cloud!
The stinking cloud engulfs the ice beast but does no damage.
The ice beast is moderately wounded.
You feel sick. The ice beast hits you. The ice beast freezes you!
* * * LOW HITPOINT WARNING * * *
Unknown command.
Unknown command.
Unknown command.
You aren't carrying any items that you can evoke.
Casting: Mephitic Cloud (quite dangerous; 11% risk of failure)
Confirm with . or Enter, or press ? or * to list all spells.
Aiming: Sting (safe; 1% risk of failure)
Press: ? - help, Shift-Dir - straight line, f - ice beast
Aim: an ice beast (moderately wounded, poisoned, 78% to hit)
The sting hits the ice beast but does no damage.
The ice beast looks even sicker.
The ice beast is moderately wounded.
You feel sick. The ice beast closely misses you.
Unknown command.
Casting: Sting (safe; 1% risk of failure)
Confirm with . or Enter, or press ? or * to list all spells.
Aiming: Sting (safe; 1% risk of failure)
Press: ? - help, Shift-Dir - straight line, f/p - ice beast
Aim: an ice beast (moderately wounded, very poisoned, 78% to hit)
The sting hits the ice beast but does no damage.
The ice beast looks even sicker.
The ice beast is moderately wounded.
You feel sick.
You are no longer poisoned.
The ice beast hits you.
* * * LOW HITPOINT WARNING * * *
The ice beast freezes you!
You die...

......#.#####.#.......#
......#
#.######.#######
......# #.# #..........
......#
#.####.#.######### ##
......#
..##...#.......... .
......#
####.###.#...########
......# #.#
#.#...#......# ......#
#.# #.#.........##
##.####
##@###.#..#.......# ...
#.Y○○..#..#..#.....
....
#.°....#..........#
.....
#...○..#..#..#..#.# #
... #......#..#..<....#
# #......#..#.###.### #
#....!.# # ...# # # ..
#......# ##### # #...
#......#


You could see an ice beast (very poisoned).

Vanquished Creatures
  A lemure (D:3)
  A scorpion (D:5)
  A jelly (D:5)
  A howler monkey (D:4)
  6 hounds
  2 sleepcaps
  An orc wizard (D:3)
  2 adders
  A white imp (D:5)
  4 dart slugs
  3 orcs
  6 ball pythons
  9 bats
  10 endoplasms
  6 giant cockroaches
  3 goblins
  5 hobgoblins
  6 jackals (D:3)
  10 kobolds
  A quokka (D:1)
  2 frilled lizards (D:2)
  3 rats
84 creatures vanquished.

Notes
Turn   | Place    | Note
-------+----------+-------------------------------------------
     0 | D:1      | gruber the Deep Elf Venom Mage began the quest for the Orb.
     0 | D:1      | Reached XP level 1. HP: 10/10 MP: 6/6
   182 | D:1      | Reached XP level 2. HP: 15/15 MP: 3/8
   546 | D:1      | Learned a level 2 spell: Poisonous Vapours
   724 | D:1      | Reached XP level 3. HP: 19/19 MP: 7/10
   734 | D:1      | Learned a level 3 spell: Mephitic Cloud
  1268 | D:2      | Found a shimmering blue altar of Sif Muna.
  1289 | D:2      | Found Sinaesaw's Antique Armour Emporium.
  1573 | D:2      | Learned a level 3 spell: Ignite Poison
  2059 | D:3      | Reached XP level 4. HP: 24/24 MP: 6/12
  2127 | D:3      | Found a white marble altar of Elyvilon.
  2253 | D:3      | Found an iron altar of Okawaru.
  2317 | D:3      | Found Tid Kil's Antique Weapon Boutique.
  2605 | D:3      | Found a stormy altar of Qazlal.
  2837 | D:3      | Found a runed translucent door.
  2838 | D:3      | Noticed Crazy Yiuf
  3378 | D:4      | Reached skill level 5 in Spellcasting
  3386 | D:4      | Noticed Menkaure
  3393 | D:3      | Reached XP level 5. HP: 24/28 MP: 0/14
  3608 | D:4      | Noticed a lemure
  3705 | D:4      | Noticed a lemure
  3705 | D:4      | Noticed a lemure
  3706 | D:4      | Noticed Pikel
  3715 | D:3      | Killed a lemure
  3774 | D:3      | Learned a level 4 spell: Olgreb's Toxic Radiance
  3965 | D:4      | Reached skill level 5 in Poison Magic
  3965 | D:4      | Reached XP level 6. HP: 26/32 MP: 11/17
  4038 | D:4      | Noticed Edmund
  4046 | D:5      | Entered Level 5 of the Dungeon
  4557 | D:5      | Found an ancient bone altar of Kikubaaqudgha.
  4690 | D:5      | Reached XP level 7. HP: 36/36 MP: 16/19
  4760 | D:5      | Slain by an ice beast

Illustrated notes

Levels and vault maps discovered:
D:1:      wander_arrival_desolate, layout_basic, solitary_fountain,
          minivault_25, hangedman_decor_clover_reticule, kennysheep_crisscross,
          nicolae_the_louvre
D:2:      layout_loops_cross, serial_shops, nicolae_shop_hallway_stairs,
          basic_altar
D:3:      cheibrodos_helix_gallery, layout_basic, okawaru_trees_1,
          nicolae_elyvilon_temple_path, pf_just_have_faith, serial_shops,
          nicolae_lakefront_shop, nrook_mini_backslash, uniq_crazy_yiuf_cottage
D:4:      layout_cave_pools, nicolae_wu_jian_wuxing_cycle, serial_park,
          serial_park_square1 [serial_park_minivault_5x5_3],
          serial_park_square2, serial_park_tiny_1, serial_park_square1
          [serial_park_minivault_5x5_4], ebering_ghost_sewer_f, uniq_menkaure,
          uniq_pikel, uniq_edmund
D:5:      layout_basic, kiku_gazebo_garden_becter, uniq_sigmund

Skill      XL: |  1  2  3  4  5  6 |
---------------+-------------------+-----
Transmutations | 2 3 |  3.3
Spellcasting   | 4 5 6 |  6.9
Poison Magic   | 4 5 6 |  6.1
Dodging        | |  2.4
Stealth        | |  2.4

Action                     |  1- 3 |  4- 6 |  7- 9 || total
---------------------------+-------+-------+-------++-------
  Melee: Short sword       |     5 |       |       ||     5
   Cast: Sting             |    88 |   125 |     4 ||   217
         Poisonous Vapours |     4 |     1 |       ||     5
         Mephitic Cloud    |       |     2 |     2 ||     4
         Olgreb's Toxic Ra |       |     2 |       ||     2
         Ignite Poison     |       |     2 |       ||     2
 Armour: Robe              |    25 |    39 |     2 ||    66
  Dodge: Dodged            |    18 |    46 |     3 ||    67

Table legend: (Time is in decaauts)
 A = Elapsed time spent in this place.
 B = Non-inter-level travel time spent in this place.
 C = Inter-level travel time spent in this place.
 D = Time resting spent in this place.
 E = Time spent auto-exploring this place.
 F = Levels seen in this place.
 G = Mean time per level.
                   A        B        C        D        E       F      G
               +--------+--------+--------+--------+--------+-----+--------+
         Total |   4762 |   4545 |    217 |    459 |   3547 |   5 |  952.4 |
       Dungeon |   4762 |   4545 |    217 |    459 |   3547 |   5 |  952.4 |
               +--------+--------+--------+--------+--------+-----+--------+

Top non-repeatable levels by time:
     D:3: 1830 daAuts
     D:1: 1049 daAuts
     D:2: 993 daAuts
     D:5: 713 daAuts
     D:4: 174 daAuts
